 Dungeon Sprint DCSS version 0.30-a0-359-gd0147acb1a (webtiles) character file.

Game seed: 10584040902404447595

37910 mhtbhm the Bludgeoner (level 13, 0/100 HPs)
             Began as a Gargoyle Fighter on Nov 11, 2022.
             Was the Champion of Okawaru.
             Slain by a harpy (5 damage)
             ... in the Dungeon (Sprint IX: "|||||||||||||||||||||||||||||") on Nov 12, 2022.
             The game lasted 00:10:04 (4922 turns).

mhtbhm the Bludgeoner (Gargoyle Fighter)            Turns: 4922, Time: 00:10:05

Health: 0/100      AC: 38    Str: 39    XL:     13   Next: 99%
Magic:  19/25      EV: 13    Int: 10    God:    Okawaru [******]
Gold:   1472       SH:  7    Dex:  5    Spells: 12/12 levels left

rFire   + . .      SeeInvis .    a - +0 eveningstar (venom)
rCold   . . .      Faith    .    c - +0 buckler
rNeg    + . .      Spirit   .    b - quicksilver dragon scales "Cilyewn" {Will+ Str+5 Slay+3}
rPois   ∞          Reflect  .    d - +1 helmet of Naynadu {Str+10 Dex-4 Slay+5}
rElec   +          Harm     .    m - +0 cloak
rCorr   .          Rampage  .    B - +1 pair of gloves
Will    +....      NoTele   +    w - +0 pair of boots
Stlth   ++++......               (no amulet)
HPRegen 0.36/turn                n - +2 ring of protection
MPRegen 0.19/turn                y - ring of protection from fire

@: heroic, finesse-ful
A: sickness immunity, AC +9, negative energy resistance 1, electricity
resistance, torment resistance 1, petrification resistance
a: Renounce Religion, Heroism, Finesse


You were in the Dungeon.
You worshipped Okawaru.
Okawaru was exalted by your worship.
You visited 1 branch You collected 1923 gold pieces.
You spent 451 gold pieces at shops.

Inventory:

Hand Weapons
 a - a +0 eveningstar of venom (weapon)
 p - a +2 morningstar of holy wrath
Missiles
 g - 2 atropa-tipped darts
 t - 10 javelins (quivered)
 u - 3 throwing nets
 x - a datura-tipped dart
Armour
 b - the quicksilver dragon scales "Cilyewn" (worn) {Will+ Str+5 Slay+3}
   (Okawaru gifted it to you in the Dungeon)

   Str:       It affects your strength (+5).
   Slay:      It affects your accuracy & damage with ranged weapons and melee
   (+3).
   Will:      It increases your willpower.
 c - a +0 buckler (worn)
 d - the +1 helmet of Naynadu (worn) {Str+10 Dex-4 Slay+5}
   (Okawaru gifted it to you in the Dungeon)

   Str:       It affects your strength (+10).
   Dex:       It affects your dexterity (-4).
   Slay:      It affects your accuracy & damage with ranged weapons and melee
   (+5).
 m - a +0 cloak (worn)
 w - a +0 pair of boots (worn)
 B - a +1 pair of gloves (worn)
Jewellery
 n - a +2 ring of protection (left hand)
 y - a ring of protection from fire (right hand)
 z - a ring of protection from fire
Wands
 e - a wand of paralysis (2)
Scrolls
 j - a scroll of blinking
 k - 2 scrolls of amnesia
 r - a scroll of identify
 s - 2 scrolls of enchant armour
 C - 2 scrolls of enchant weapon
Potions
 f - a potion of berserk rage
 h - 4 potions of magic
 i - 2 potions of mutation
 v - a potion of brilliance


   Skills:
 + Level 19.0(24.0) Fighting
 + Level 19.6(24.6) Maces & Flails
 + Level 2.4(7.4) Throwing
 + Level 15.6(20.6) Armour
 + Level 8.0(13.0) Dodging
 + Level 8.0(13.0) Stealth
 + Level 13.6(18.6) Shields
 * Level 17.6 Invocations
 + Level 3.8 Evocations


You had 12 spell levels left.
You didn't know any spells.
Your spell library contained the following spells:

 Spells                   Type           Power      Damage    Failure   Level
 Beastly Appendage        Tmut           0%         N/A       43%         1
 Sting                    Tmut/Pois      0%         1d3       43%         1
 Summon Small Mammal      Summ           Unusable   N/A       N/A         1

Dungeon Overview and Level Annotations

Branches:
Dungeon (1/1)

Altars:
Cheibriados
Dithmenos
Elyvilon
Fedhas
Gozag
Hepliaklqana
Kikubaaqudgha
Makhleb
Nemelex Xobeh
Okawaru
Qazlal
Ru
Sif Muna
Trog
Uskayaw
Vehumet
Wu Jian
Xom
Yredelemnul
Zin
The Shining One
Jiyva
Lugonu

Shops:
D [([!


Innate Abilities, Weirdness & Mutations

You are immune to sickness and miasma.
Your stone body is resilient. (AC +9)
You are immune to poison.
You resist negative energy. (rN+)
You are resistant to electric shocks. (rElec)
You are resistant to unholy torment.
You are immune to petrification.


Message History

The merfolk siren chants its luring song.
Unknown command.
You cannot move away from the merfolk siren!
Okay, then.
You gain the combat prowess of a mighty hero.
The merfolk siren chants its luring song.
You can now deal lightning-fast blows.
The merfolk siren chants its luring song.
Blink to where?
Press: ? - help, Dir - move target, p - merfolk You cannot blink away from the merfolk siren!
Blink to where?
Press: ? - help, Dir - move target, f - you
Okay, then.
Unknown command.
The merfolk siren chants its luring song.
The helpless merfolk fails to defend itself.
You skewer the merfolk like a kebab!!!!
You kill the merfolk!
Okawaru accepts your kill.
Unknown command.
The merfolk siren chants its luring song.
Things that are here:
a +0 trident; a merfolk corpse You closely miss the merfolk siren.
The merfolk siren chants its luring song.
You hit the merfolk siren but do no damage.
You spit the merfolk siren like a pig!!!
You break out of your daze!
You kill the merfolk siren!
Okawaru accepts your kill.
Unknown command.
You flatten the harpy like a pancake!!!
You kill the harpy!
Okawaru accepts your kill.
Your base Fighting skill increases to level 19!
Your base Stealth skill increases to level 8!
You completely miss the harpy. The harpy barely misses you.
The harpy claws you.
You die...

........)[.....∩.∩[∩[∩.....'.....
▓▓▓▓▓▓▓▓▓▓▓▓▓▓▓▓▓▓▓▓▓▓▓▓▓▓▓▓▓▓▓▓▓
.................................
▓▓▓▓▓▓▓▓▓▓▓▓▓▓▓▓▓▓▓▓▓▓▓▓▓▓▓▓▓▓▓▓▓
[........))')...†..........'.....
▓▓▓▓▓▓▓▓▓▓▓▓▓▓▓▓▓▓▓▓▓▓▓▓▓▓▓▓▓▓▓▓▓
...............)....†...)........
♣♣♣♣▓▓▓▓▓▓▓▓▓▓▓▓▓▓▓▓▓▓▓▓▓▓▓▓▓▓▓▓▓
....††[†.....††.@H......
♣♣♣♣▓▓▓▓▓▓▓▓▓▓▓▓▓▓▓▓▓▓▓▓


You could see a harpy.

Vanquished Creatures
  Agnes (D)
  A nagaraja (D)
  2 stone giants (D)
  2 eleionomae (D)
  A spark wasp (D)
  An entropy weaver (D)
  A shambling mangrove (D)
  3 hydras (D)
  Harold (D)
  3 boulder beetles (D)
  A tengu warrior (D)
  A centaur warrior (D)
  A naga warrior (D)
  A vampire mage (D)
  Urug (D)
  A spriggan (D)
  A shock serpent (D)
  A pharaoh ant (D)
  2 swamp dragons (D)
  A sea snake (D)
  A steelbarb worm (D)
  An orb spider (D)
  3 naga ritualists (D)
  A bog body (D)
  2 harpies (D)
  12 orc knights (D)
  A cyclops (D)
  2 ugly things (D)
  A will-o-the-wisp (D)
  A manticore (D)
  2 elephants (D)
  A naga mage (D)
  A merfolk siren (D)
  A black mamba (D)
  A gargoyle (D)
  A rime drake (D)
  A cane toad (D)
  An efreet (D)
  A komodo dragon (D)
  2 tengu conjurers (D)
  A merfolk (D)
  A wind drake (D)
  2 trolls (D)
  A slime creature (D)
  A hornet (D)
  2 snapping turtles (D)
  2 tarantellas (D)
  A blink frog (D)
  A wyvern (D)
  2 yaks (D)
  2 redbacks (D)
  A vampire mosquito (D)
  Grum (D)
  A naga (D)
  2 wargs (D)
  6 water moccasins (D)
  2 hell hounds (D)
  14 orc warriors (D)
  An ice beast (D)
  An ogre (D)
  A centaur (D)
  9 wolves (D)
  A bullfrog (D)
  A howler monkey (D)
  4 orc priests (D)
  A hound (D)
  An iguana (D)
  3 orc wizards (D)
  A dart slug (D)
  8 orcs (D)
  2 bats (D)
  3 endoplasms (D)
144 creatures vanquished.

Vanquished Creatures (others)
  A centaur (D)
  A foxfire (D)
2 creatures vanquished.

Grand Total: 146 creatures vanquished

Notes
Turn   | Place    | Note
-------+----------+-------------------------------------------
     0 | D        | mhtbhm the Gargoyle Fighter began the quest for the Orb.
     0 | D        | Reached XP level 1. HP: 14/14 MP: 1/1
    13 | D        | Reached XP level 2. HP: 20/20 MP: 2/2
   119 | D        | Noticed an ogre
   119 | D        | Noticed an ice beast
   123 | D        | Reached skill level 5 in Fighting
   123 | D        | Reached XP level 3. HP: 26/26 MP: 3/3
   126 | D        | Killed an ogre
   127 | D        | Reached XP level 4. HP: 16/32 MP: 4/4
   127 | D        | Reached XP level 5. HP: 18/37 MP: 5/5
   227 | D        | Killed an ice beast
   228 | D        | Reached skill level 5 in Maces & Flails
   228 | D        | Reached XP level 6. HP: 26/44 MP: 6/6
   234 | D        | Found a snail-covered altar of Cheibriados.
   234 | D        | Found a shadowy altar of Dithmenos.
   234 | D        | Found a white marble altar of Elyvilon.
   234 | D        | Found a blossoming altar of Fedhas.
   234 | D        | Found an opulent altar of Gozag.
   235 | D        | Found a hazy altar of Hepliaklqana.
   236 | D        | Found a viscous altar of Jiyva.
   237 | D        | Found an ancient bone altar of Kikubaaqudgha.
   238 | D        | Found a corrupted altar of Lugonu.
   239 | D        | Found a burning altar of Makhleb.
   240 | D        | Found a sparkling altar of Nemelex Xobeh.
   241 | D        | Found an iron altar of Okawaru.
   246 | D        | Found a stormy altar of Qazlal.
   247 | D        | Found a sacrificial altar of Ru.
   248 | D        | Found a shimmering blue altar of Sif Muna.
   249 | D        | Found a bloodstained altar of Trog.
   250 | D        | Found a hide-covered altar of Uskayaw.
   251 | D        | Found a radiant altar of Vehumet.
   252 | D        | Found an ornate altar of the Wu Jian Council.
   253 | D        | Became a worshipper of Warmaster Okawaru
   254 | D        | Found a shimmering altar of Xom.
   291 | D        | Found a basalt altar of Yredelemnul.
   292 | D        | Found a glowing silver altar of Zin.
   293 | D        | Found a glowing golden altar of the Shining One.
   350 | D        | Noticed a yak
   350 | D        | Noticed an orc warrior
   350 | D        | Noticed a troll
   351 | D        | Upgraded the game from 0.30-a0-358-g0d69a1922f to
                  | 0.30-a0-359-gd0147acb1a
   358 | D        | Killed a yak
   358 | D        | Reached * piety under Okawaru
   366 | D        | Killed an orc warrior
   367 | D        | Reached skill level 1 in Stealth
   367 | D        | Reached XP level 7. HP: 33/50 MP: 6/9
   374 | D        | Killed a troll
   374 | D        | Reached ** piety under Okawaru
   375 | D        | Reached skill level 5 in Invocations
   386 | D        | Noticed a cyclops
   386 | D        | Noticed a gargoyle
   386 | D        | Noticed a troll
   386 | D        | Noticed a manticore
   386 | D        | Noticed a brown ugly thing
   386 | D        | Noticed a slime creature
   398 | D        | Killed a cyclops
   398 | D        | Reached *** piety under Okawaru
   399 | D        | Reached skill level 10 in Maces & Flails
   399 | D        | Reached skill level 1 in Dodging
   399 | D        | Reached XP level 8. HP: 45/56 MP: 10/12
   401 | D        | Killed a gargoyle
   406 | D        | Killed a troll
   407 | D        | Reached skill level 5 in Stealth
   407 | D        | Reached XP level 9. HP: 24/62 MP: 11/14
   538 | D        | Killed a manticore
   538 | D        | Killed a brown ugly thing
   538 | D        | Reached **** piety under Okawaru
   539 | D        | Reached skill level 10 in Fighting
   539 | D        | Reached skill level 1 in Evocations
   661 | D        | Got Abrastir's Beginning Course on Wizarding
   690 | D        | Noticed a rime drake
   700 | D        | Received a gift from Okawaru
   706 | D        | Reached XP level 10. HP: 62/68 MP: 15/17
   756 | D        | Noticed a seven-headed hydra
   756 | D        | Noticed an elephant
   758 | D        | Noticed an elephant
   760 | D        | Reached ***** piety under Okawaru
   761 | D        | Reached skill level 10 in Invocations
   762 | D        | Reached skill level 10 in Armour
   762 | D        | Noticed a cane toad
   763 | D        | Killed a seven-headed hydra
   766 | D        | Killed an elephant
   767 | D        | Reached skill level 10 in Shields
   774 | D        | Killed an elephant
   779 | D        | Killed a cane toad
   781 | D        | Noticed a boulder beetle
   945 | D        | Killed a boulder beetle
   946 | D        | Reached skill level 15 in Maces & Flails
   946 | D        | Reached XP level 11. HP: 54/76 MP: 19/19
   998 | D        | Received a gift from Okawaru
  1193 | D        | Noticed Grum
  1198 | D        | Reached skill level 5 in Dodging
  1204 | D        | Killed Grum
  1412 | D        | Noticed an orc knight
  1423 | D        | Killed an orc knight
  1423 | D        | Reached ****** piety under Okawaru
  1862 | D        | Found Pyczuas's Antique Armour Emporium.
  1862 | D        | Noticed an orc knight
  1862 | D        | Noticed an orc knight
  1862 | D        | Noticed an orc knight
  1864 | D        | Noticed an orc knight
  1868 | D        | Noticed an orc knight
  1874 | D        | Noticed an orc knight
  1875 | D        | Killed an orc knight
  1875 | D        | Received a gift from Okawaru
  1883 | D        | Killed an orc knight
  2054 | D        | Killed an orc knight
  2118 | D        | Killed an orc knight
  2119 | D        | Reached skill level 1 in Throwing
  2188 | D        | Killed an orc knight
  2211 | D        | Killed an orc knight
  2336 | D        | Found Ystipnosk's Weapon Shoppe.
  2349 | D        | Found Mymur's Armour Emporium.
  2353 | D        | Found Racli's Distillery.
  2355 | D        | Noticed an orc knight
  2357 | D        | Noticed an orc knight
  2359 | D        | Noticed an orc knight
  2367 | D        | Killed an orc knight
  2407 | D        | Killed an orc knight
  2408 | D        | Reached XP level 12. HP: 22/84 MP: 22/22
  2703 | D        | Bought a potion of heal wounds for 65 gold pieces
  2703 | D        | Bought a potion of berserk rage for 65 gold pieces
  2712 | D        | Bought a shiny helmet for 217 gold pieces
  2770 | D        | Bought a potion of mutation for 104 gold pieces
  2836 | D        | Noticed Harold
  2846 | D        | Killed Harold
  2846 | D        | Received a gift from Okawaru
  2866 | D        | Noticed Urug
  2875 | D        | Killed Urug
  2969 | D        | Noticed a centaur warrior
  2969 | D        | Noticed a boulder beetle
  2969 | D        | Noticed a seven-headed hydra
  2984 | D        | Received a gift from Okawaru
  2987 | D        | Killed a boulder beetle
  2989 | D        | Noticed a boulder beetle
  2992 | D        | Noticed a stone giant
  2994 | D        | Killed a centaur warrior
  3021 | D        | HP: 3/86 [boulder beetle (36)]
  3030 | D        | Killed a boulder beetle
  3279 | D        | Killed a seven-headed hydra
  3300 | D        | Killed a stone giant
  3301 | D        | Reached skill level 15 in Fighting
  3730 | D        | Noticed a vampire mage
  3744 | D        | Killed a vampire mage
  3745 | D        | Reached skill level 15 in Invocations
  3780 | D        | Noticed a stone giant
  3784 | D        | Noticed a tengu warrior
  3785 | D        | Identified the +1 helmet of Naynadu {Str+10 Dex-4 Slay+5}
                  | (Okawaru gifted it to you in the Dungeon)
  3785 | D        | Received a gift from Okawaru
  3789 | D        | Killed a stone giant
  3801 | D        | Killed a tengu warrior
  3889 | D        | Noticed Agnes
  3894 | D        | Killed Agnes
  3895 | D        | Reached XP level 13. HP: 93/93 MP: 24/24
  3958 | D        | Noticed a nagaraja
  3984 | D        | Killed a nagaraja
  4289 | D        | Noticed a shambling mangrove
  4289 | D        | Noticed an eleionoma
  4289 | D        | Noticed an eleionoma
  4386 | D        | Killed an eleionoma
  4575 | D        | Killed an eleionoma
  4618 | D        | Killed a shambling mangrove
  4773 | D        | Reached skill level 15 in Armour
  4794 | D        | Noticed a spark wasp
  4795 | D        | Noticed an entropy weaver
  4798 | D        | Received a gift from Okawaru
  4809 | D        | Killed a spark wasp
  4815 | D        | Killed an entropy weaver
  4815 | D        | Identified the quicksilver dragon scales "Cilyewn" {Will+
                  | Str+5 Slay+3} (Okawaru gifted it to you in the Dungeon)
  4815 | D        | Received a gift from Okawaru
  4911 | D        | HP: 2/99 [merfolk/+0 trident (6)]
  4922 | D        | Slain by a harpy

Illustrated notes

Levels and vault maps discovered:
D:        linesprint [early_d, line_temple, items_1, d_10, items_2, lair_1,
          lair_end, items_3, orc_1, orc_end, items_4, d_15, swamp_1, shoals_1,
          snake_1, spider_1, d_20, vaults_1, items_5, swamp_end, shoals_end,
          snake_end, spider_end, vaults_end, d_27, items_6, zot_1, zot_end,
          crypt_end, forest_end, elf_end, slime_end, tomb_end, abyss_end,
          pan_hell_end]

Skill      XL: |  1  2  3  4  5  6  7  8  9 10 11 12 13 |
---------------+----------------------------------------+-----
Fighting       | 4 5 6 7 8 9 10 12 13 16 19 | 19.0
Armour         | 4 6 7 8 9 10 11 13 15 | 15.6
Shields        | 4 6 7 8 9 10 11 12 13 | 13.6
Maces & Flails | 3 4 5 7 10 11 13 15 16 18 19 | 19.6
Invocations    | 3 6 7 9 11 13 15 17 | 17.6
Stealth        | 1 3 5 6 7 8 |  8.0
Dodging        | 1 2 4 6 7 8 |  8.0
Evocations     | 1 3 |  3.8
Throwing       | 1 2 |  2.4

Action                   |  1- 3 |  4- 6 |  7- 9 | 10-12 | 13-15 || total
-------------------------+-------+-------+-------+-------+-------++-------
Melee: Flail             |    15 |    13 |       |       |       ||    28
       Morningstar       |       |    13 |    57 |   304 |       ||   374
       Eveningstar       |       |       |       |   148 |   153 ||   301
Throw: Javelin           |       |       |       |     5 |       ||     5
Invok: Heroism           |       |       |       |       |     1 ||     1
       Finesse           |       |       |       |       |     1 ||     1
Evoke: Wand              |       |       |     6 |     4 |     6 ||    16
  Use: Potion            |     1 |     1 |     4 |    19 |       ||    25
       Scroll            |       |       |       |     5 |     1 ||     6
 Stab: Invisible         |       |     2 |     2 |       |       ||     4
       Distracted        |       |       |       |     1 |       ||     1
       Paralysed         |       |       |       |       |     1 ||     1
Armor: Scale mail        |     7 |     1 |       |       |       ||     8
       Ring mail         |       |     4 |    29 |   102 |       ||   135
       Chain mail        |       |       |       |   145 |    73 ||   218
       Quicksilver drago |       |       |       |       |    16 ||    16
Dodge: Dodged            |     6 |    16 |    31 |   149 |    47 ||   249
Block: Buckler           |       |     7 |    17 |    91 |    25 ||   140

Table legend: (Time is in decaauts)
 A = Elapsed time spent in this place.
 B = Non-inter-level travel time spent in this place.
 C = Inter-level travel time spent in this place.
 D = Time resting spent in this place.
 E = Time spent auto-exploring this place.
 F = Levels seen in this place.
 G = Mean time per level.
                   A        B        C        D        E       F      G
               +--------+--------+--------+--------+--------+-----+--------+
         Total |   4781 |   4781 |      0 |   1200 |   1514 |   1 | 4781.0 |
       Dungeon |   4781 |   4781 |      0 |   1200 |   1514 |   1 | 4781.0 |
               +--------+--------+--------+--------+--------+-----+--------+

Top non-repeatable levels by time:
       D: 4781 daAuts
